 Dungeon Sprint DCSS version 0.21-a0-270-g8204059 (webtiles) character file.

105 potatolord6000 the Purveyor of Pain (level 4, -4/37 HPs)
             Began as a Vampire Necromancer on Sept 13, 2017.
             Was an Initiate of Kikubaaqudgha.
             Slain by a hornet (shapeshifter) (6 damage)
             ... in the Dungeon (Sprint V: "Ziggurat Sprint").
             The game lasted 00:03:48 (166 turns).

potatolord6000 the Purveyor of Pain (VpNe)           Turns: 166, Time: 00:03:50

Health: -4/37      AC:  2    Str:  7    XL:     4   Next: 54%
Magic:  7/10       EV: 11    Int: 30    God:    Kikubaaqudgha [......]
Gold:   0          SH: 27    Dex: 19    Spells: 3/12 levels left

rFire    . . .     SeeInvis +   w - +5 demon whip
rCold    . . .     Gourm    .   v - +18 shield of the Gong {rElec rN+ MR+ EV-5}
rNeg     + + .     Faith    .   a - +0 robe
rPois    .         Spirit   .   (no helmet)
rElec    +         Reflect  .   (no cloak)
rCorr    .         Harm     .   (no gloves)
MR       +....     NoTele   +   (no boots)
Stlth    ++++......             (no amulet)
HPRegen  0.12/turn              x - +6 ring of intelligence
MPRegen  0.12/turn              y - +6 ring of intelligence

@: agile, very slightly contaminated, slowed, invisible, very slow
A: fangs 3, see invisible, unbreathing
a: Bat Form, Renounce Religion


You were in the Dungeon.
You worshipped Kikubaaqudgha.
Kikubaaqudgha was noncommittal.
You were not thirsty.

You visited 1 branch

Inventory:

Hand Weapons
 w - a +5 demon whip (weapon)
Armour
 a - a +0 robe (worn)
 v - the +18 shield of the Gong (worn) {rElec rN+ MR+ EV-5}
   (You found it in the Dungeon)

   It affects your evasion (-5).
   It insulates you from electricity.
   It protects you from negative energy.
   It affects your resistance to hostile enchantments.
Jewellery
 x - a +6 ring of intelligence (left hand)
 y - a +6 ring of intelligence (right hand)
Scrolls
 i - 4 scrolls of blinking
 p - 4 scrolls of amnesia
 q - 3 scrolls of recharging
 r - 7 scrolls of fog
 s - 5 scrolls of identify
 t - 5 scrolls of remove curse
 u - 2 scrolls of fear
Potions
 c - a potion of blood
 d - 9 potions of curing
 e - 10 potions of heal wounds
 f - 5 potions of haste
 g - 6 potions of magic
 h - 3 potions of berserk rage
 j - 2 potions of brilliance
 k - a potion of invisibility
 l - 4 potions of resistance
 n - 4 potions of agility
 o - 4 potions of might
Books
 b - a book of Necromancy

   Spells                             Type                      Level
   a - Pain                           Necromancy                   1
   b - Animate Skeleton               Necromancy                   1
   c - Vampiric Draining              Necromancy                   3
   d - Regeneration                   Charms/Necromancy            3
   e - Animate Dead                   Necromancy                   4
   f - Control Undead                 Necromancy                   4


   Skills:
 + Level 3.9 Fighting
 + Level 3.6 Maces & Flails
 - Level 2.1 Dodging
 - Level 3.0 Stealth
 + Level 3.9 Shields
 + Level 4.6 Spellcasting
 + Level 6.8 Necromancy


You had 3 spell levels left.
You knew the following spells:

 Your Spells              Type           Power        Failure   Level  Hunger
a - Pain                  Necr           ####         1%          1    None
b - Animate Dead          Necr           N/A          14%         4    ###....
c - Control Undead        Necr           #####.....   14%         4    ###....


Dungeon Overview and Level Annotations

Branches:
Dungeon (1/1)

Altars:
Ashenzari
Cheibriados
Dithmenos
Elyvilon
Fedhas
Gozag
Hepliaklqana
Kikubaaqudgha
Makhleb
Nemelex Xobeh
Okawaru
Qazlal
Ru
Sif Muna
Trog
Uskayaw
Vehumet
Wu Jian
Xom
Yredelemnul
Zin
The Shining One
Beogh
Jiyva
Lugonu

Annotations:
D 1 transporter


Innate Abilities, Weirdness & Mutations

You have razor-sharp teeth.
You have supernaturally acute eyesight. (SInv)
You can survive without breathing.


Message History

You block the hornet's attack.
GONNNNG!
The basilisk gazes at you. You resist with almost no effort.
The hornet stings you!
* * * LOW HITPOINT WARNING * * *
You feel yourself slow down.
You strike the helpless hornet from behind!
You hit the hornet.
The hornet is severely wounded.
You block the basilisk's attack.
GONNNNG!
You block the hornet's attack.
PTOANNNG!
You block the purple ugly thing's attack.
BOUMMMMG!
The basilisk bites you.
* * * LOW HITPOINT WARNING * * *
The hornet stings you.
You die...
Kikubaaqudgha rasps: "You have failed me!
Welcome... oblivion!"

▓▓▓▓▓▓▓▓▓▓▓▓▓
▓.8©8.▓.8©8.▓
▓.[=).▓.....▓
▓.....▓.=.).▓
▓.....▓.....▓
▓...l.▓.....▓
▓..y@u▓..©..▓
▓..©..▓▓▓▓▓▓▓
▓▓▓▓▓▓▓


You could see a purple ugly thing, a basilisk shaped shifter and a hornet.

Vanquished Creatures
  2 scorpions (D)
2 creatures vanquished.

Notes
Turn   | Place    | Note
-------+----------+-------------------------------------------
     0 | D        | Found the +6 Majin-Bo {vamp, Archmagi MP+6 Int+6}
     0 | D        | Found the +7 great mace "Firestarter" {inner flame, rF++}
     0 | D        | potatolord6000 the Vampire Necromancer began the quest for the Orb.
     0 | D        | Reached XP level 1. HP: 13/13 MP: 3/3
     0 | D        | Found a deep blue altar of Sif Muna.
     0 | D        | Found a bloodstained altar of Trog.
     0 | D        | Found a sacrificial altar of Ru.
     0 | D        | Found a stormy altar of Qazlal.
     0 | D        | Found an iron altar of Okawaru.
     1 | D        | Found a sparkling altar of Nemelex Xobeh.
     1 | D        | Found a blossoming altar of Fedhas.
     3 | D        | Found a transporter.
     3 | D        | Found an ancient bone altar of Kikubaaqudgha.
     3 | D        | Found a viscous altar of Jiyva.
     3 | D        | Found a corrupted altar of Lugonu.
     3 | D        | Found a hazy altar of Hepliaklqana.
     3 | D        | Found a burning altar of Makhleb.
     3 | D        | Found an opulent altar of Gozag.
    24 | D        | Found the +9 heavy crossbow "Sniper" {velocity, Acc+∞ SInv}
    24 | D        | Found the +10 dark maul {crush}
    24 | D        | Found the +15 Maxwell's patent armour {-Cast -Tele rElec MR+ rCorr}
    24 | D        | Found the +18 shield of the Gong {rElec rN+ MR+ EV-5}
    24 | D        | Found the cursed +14 obsidian axe {chop, +Fly SInv *Curse}
    28 | D        | Found the +6 shillelagh "Devastator" {shatter}
    28 | D        | Found the +11 plutonium sword {*Contam Stlth-}
    28 | D        | Found the +8 lance "Wyrmbane" {slay drac, rPois rF+ rC+ AC+3}
    28 | D        | Found the +9 sword of Zonguldrok {reap}
    28 | D        | Found the cursed +13 scythe of Curses {drain, *Curse}
    28 | D        | Found the +0 sword of Power
    28 | D        | Found the -1 mace of Variability {chaos}
    28 | D        | Found the +7 Singing Sword
    28 | D        | Found the +7 longbow "Piercer" {penet, EV-2}
    65 | D        | Became a worshipper of Kikubaaqudgha
    70 | D        | Reached skill level 5 in Necromancy
    70 | D        | Reached XP level 2. HP: 23/23 MP: 3/6
   105 | D        | Entered arena 2.
   105 | D        | Noticed a scorpion
   105 | D        | Noticed a scorpion
   105 | D        | Found a transporter.
   109 | D        | Killed a scorpion
   109 | D        | Reached skill level 6 in Necromancy
   109 | D        | Reached XP level 3. HP: 29/29 MP: 6/8
   114 | D        | Killed a scorpion
   114 | D        | Reached XP level 4. HP: 37/37 MP: 6/10
   129 | D        | Learned a level 4 spell: Animate Dead
   134 | D        | Learned a level 4 spell: Control Undead
   144 | D        | Entered arena 3.
   144 | D        | Noticed a purple ugly thing
   144 | D        | Noticed a big kobold
   144 | D        | Noticed a hornet
   144 | D        | Found a transporter.
   152 | D        | Noticed a water moccasin
   152 | D        | a big kobold changed into a water moccasin
   157 | D        | Noticed a basilisk
   157 | D        | a water moccasin changed into a basilisk
   166 | D        | Slain by a hornet (shapeshifter)

Vault maps used:
D:        sprint_v

Skill      XL: |  1  2 |
---------------+-------+-----
Fighting       | 2 3 |  3.9
Maces & Flails | 2 3 |  3.6
Shields        | 2 3 |  3.9
Spellcasting   | 3 4 |  4.6
Necromancy     | 5 6 |  6.8
Dodging        | |  2.1
Stealth        | |  3.0

Action                   |  1- 3 |  4- 6 || total
-------------------------+-------+-------++-------
Melee: Demon whip        |     7 |    15 ||    22
       Bite              |     1 |     3 ||     4
 Cast: Animate Dead      |       |     2 ||     2
       Pain              |       |     2 ||     2
  Use: Potion            |     4 |     3 ||     7
 Stab: Sleeping          |     1 |       ||     1
       Invisible         |       |     3 ||     3
Dodge: Dodged            |     1 |     5 ||     6
Block: Shield            |     5 |    15 ||    20

Table legend:
 A = Spawn XP
 B = Non-spawn XP
 C = Spawn XP percentage of total XP
 D = Spawn monster count
 E = Non-spawn monster count
 F = Spawn count percentage of total count
 G = Total turns spent on level
                    A         B        C        D         E        F      G
               +---------+---------+-------+---------+---------+-------+---------
         Total |       0 |     139 |   0.0 |       0 |       2 |   0.0 |   166
               +---------+---------+-------+---------+---------+-------+---------
             D |       0 |     139 |   0.0 |       0 |       2 |   0.0 |   166
               +---------+---------+-------+---------+---------+-------+---------
